Match 41648020
Unlisted

Match 41648020
End
Vickers Machine Gun Team
Construct Section Command Post
Dingo Light Scout Car
Royal Engineer Section
Infantry Section
Construct Platoon Command Post
Construct Field Infirmary
Unlock M3 Stuart Light Tanks
Selects Air and Sea Battlegroup
Selects Supply Surplus
Construct Resource Cache
Construct Resource Cache
M3 Stuart Light Tank
M3 Stuart Light Tank
Selects Commando Section Paradrop
Selects Commando Support Section Paradrop
Commando Support Section Paradrop
Selects UNKNOWN (223837)
6-pounder Anti-tank Gun Team
Construct Company Command Post
Crusader II Medium Tank
Commando Section Paradrop
Crusader II Medium Tank
Crusader II Medium Tank
Armored Vehicle Training
OLDCOM
Tiensin
カルト_くん
Jarkke
0
0

Comments sign in to comment!

No comments posted yet!